 Dungeon Crawl Stone Soup version 0.31-a0-844-gdc52ec4e09 (webtiles) character file.

Game seed: 6589497391536180662

72 pop123321pop the Cudgeller (level 4, 0/39 HPs)
             Began as a Minotaur Berserker on Sept 30, 2023.
             Was a Believer of Trog.
             Slain by a goblin
             ... wielding a +0 dagger
             ... led by Robin
              (1 damage)
             ... on level 2 of the Dungeon.
             The game lasted 00:02:04 (1406 turns).

pop123321pop the Cudgeller (Minotaur Berserker)     Turns: 1406, Time: 00:02:04

Health: 0/39       AC: 11    Str: 21    XL:     4   Next: 6%
Magic:  3/3        EV:  6    Int:  4    God:    Trog [**....]
Gold:   36         SH:  0    Dex: 12    Spells: 3/3 levels left

rFire   . . .        a - +0 mace
rCold   . . .        (no shield)
rNeg    . . .        g - +0 plate armour
rPois   .            (helmet restricted)
rElec   .            (no cloak)
rCorr   .            (no gloves)
SInv    .            (no boots)
Will    .....        (no amulet) Stlth
                     (no ring)
HPRegen 0.26/turn    (no ring)
MPRegen 0.08/turn

%: random rage (3%)
@: mighty, on berserk cooldown, hasted and slowed
A: horns 2, retaliatory headbutt, talons 1, berserk 1
a: Renounce Religion, Berserk, Trog's Hand


You were on level 2 of the Dungeon.
You worshipped Trog.
Trog was pleased with you.
You visited 1 branch of the dungeon, and saw 2 of its levels.

You collected 36 gold pieces.

Inventory:

Hand Weapons
 a - a +0 mace (weapon)
Armour
 g - a +0 plate armour (worn)
Scrolls
 c - a scroll of vulnerability {unknown}
 d - a scroll of teleportation {unknown}


   Skills:
 - Level 3.6 Fighting
 + Level 6.0 Maces & Flails
 - Level 2.4 Armour
 - Level 2.1 Dodging


You had 3 spell levels left.
You didn't know any spells.
Your spell library was empty.

Dungeon Overview and Level Annotations

Branches:
Dungeon (2/15)

Altars:

Shops:
D:2 [


Innate Abilities, Weirdness & Mutations

You have a pair of horns on your head.
You reflexively headbutt those who attack you in melee.
You have sharp toenails.
You sometimes lose your temper in combat.


Message History

You closely miss the goblin. The goblin hits you but does no damage.
You barely miss the goblin. The endoplasm freezes you.
You are frozen.
The goblin hits you but does no damage. x2
You barely miss the goblin.
The endoplasm hits you but does no damage.
The goblin hits you but does no damage.
You hit the goblin.
You kill the goblin!
Trog accepts your kill. The goblin hits you but does no damage.
The endoplasm hits you but does no damage.
You are no longer berserk.
You are exhausted.
You feel yourself slow down. The goblin hits you but does no damage.
Items here: ))) / [[ ††.
The goblin hits you with a +0 dagger. The endoplasm freezes you.
You are frozen.
You hit the endoplasm.
The endoplasm is lightly wounded.
The goblin barely misses you. The endoplasm freezes you.
You are frozen.
* * * LOW HITPOINT WARNING * * *
The goblin hits you but does no damage.
The endoplasm hits you but does no damage.
It was a potion of haste.
You feel yourself speed up. The goblin hits you with a +0 dagger.
* * * LOW HITPOINT WARNING * * *
The endoplasm freezes you.
You are frozen.
* * * LOW HITPOINT WARNING * * *
It was a potion of mutation.
You feel extremely strange.
Your toenails lengthen and sharpen.
You feel a little pissed off. The goblin hits you but does no damage.
The endoplasm barely misses you.
It was a potion of might.
You feel very mighty all of a sudden. The goblin hits you with a +0 dagger.
You die...

###.###.... ....
#...........
....##...........#
..................
.....#..........#
#..............# ..
#.....).)......#
...#.....#g........
...#.....)J@...####.
.............†......
...................#....
......##......###### ...
##.....##......#####
............)#........
...........#.#.......#
..........)#..........
.....##...)...........


You could see an endoplasm and a goblin.

Vanquished Creatures
  Robin (D:2)
  A worm (D:2)
  4 dart slugs
  3 bats
  An endoplasm (D:2)
  2 giant cockroaches (D:1)
  15 goblins
  6 hobgoblins
  3 kobolds (D:1)
  2 quokkas (D:1)
  3 ball pythons (D:1)
  2 rats (D:1)
43 creatures vanquished.

Notes
Turn   | Place    | Note
-------+----------+-------------------------------------------
     0 | D:1      | pop123321pop the Minotaur Berserker began the quest for the
                  | Orb.
     0 | D:1      | Reached XP level 1. HP: 19/19 MP: 0/0
    66 | D:1      | Reached skill level 4 in Maces & Flails
    87 | D:1      | Reached XP level 2. HP: 3/26 MP: 1/1
   600 | D:1      | Reached skill level 5 in Maces & Flails
   910 | D:1      | Reached XP level 3. HP: 29/31 MP: 2/2
  1337 | D:2      | Found Ecsuunai's Antique Armour Shoppe.
  1346 | D:2      | Noticed Robin
  1370 | D:2      | Reached ** piety under Trog
  1388 | D:2      | Killed Robin
  1391 | D:2      | Reached XP level 4. HP: 22/39 MP: 3/3
  1394 | D:2      | Reached skill level 6 in Maces & Flails
  1404 | D:2      | HP: 1/39 [frozen (5)]
  1405 | D:2      | Gained mutation: You have sharp toenails. [potion of
                  | mutation]
  1405 | D:2      | Gained mutation: You sometimes lose your temper in combat.
                  | [potion of mutation]
  1406 | D:2      | Slain by a goblin

Illustrated notes

Levels and vault maps discovered:
D:1:      dpeg_arrival_concentric_ovals, layout_basic, minivault_14
D:2:      layout_basic, serial_shops, shop,
          shapermc_ecumenical_altar_mp_vishouse, st_stairs_14, uniq_sigmund,
          uniq_robin

Skill      XL: |  1  2  3  4 |
---------------+-------------+-----
Maces & Flails | 4 5 6 |  6.0
Fighting       | |  3.6
Armour         | |  2.4
Dodging        | |  2.1

Action                     |  1- 3 |  4- 6 || total
---------------------------+-------+-------++-------
  Melee: Mace              |    74 |     8 ||    82
         Headbutt          |    10 |       ||    10
 Invoke: Berserk           |     1 |     1 ||     2
    Use: Potion            |       |     3 ||     3
   Stab: Sleeping          |     1 |       ||     1
 Armour: Animal skin       |    30 |       ||    30
         Plate armour      |    50 |    24 ||    74
  Dodge: Dodged            |    56 |     5 ||    61

Table legend: (Time is in decaauts)
 A = Elapsed time spent in this place.
 B = Non-inter-level travel time spent in this place.
 C = Inter-level travel time spent in this place.
 D = Time resting spent in this place.
 E = Time spent auto-exploring this place.
 F = Levels seen in this place.
 G = Mean time per level.
                   A        B        C        D        E       F      G
               +--------+--------+--------+--------+--------+-----+--------+
         Total |   1435 |   1377 |     58 |    467 |    671 |   2 |  717.5 |
       Dungeon |   1435 |   1377 |     58 |    467 |    671 |   2 |  717.5 |
               +--------+--------+--------+--------+--------+-----+--------+

Top non-repeatable levels by time:
     D:1: 1304 daAuts
     D:2: 130 daAuts
